Map: [ESL] Goldenaura

Players

trigger

  • Race: Protoss Protoss
  • Spawn Location: 5:00

Astrea - Winner!

  • Race: Protoss Protoss
  • Spawn Location: 12:00

Event: ESL SC2 Masters 2024 Spring (Regional)

VOD

Have the link to the VOD?

Description

Time

  • Played on: May 5, 2024, 2:03 p.m.
  • Length: 8:36

All games in this series

Show
View Real Time Build Order
Export as new Build Order

trigger Protoss 

Build Orders:  

Get SALT Encoding   

  12  0:00  Probe  
  13  0:12  Probe  
  14  0:17  Pylon  
  14  0:24  Probe (Chrono Boost)  
  15  0:36  Probe (Chrono Boost), Gateway  
  16  0:44  Probe (Chrono Boost)  
  16  0:46  Assimilator  
  17  0:51  Probe  
  18  1:03  Probe (Chrono Boost)  
  19  1:04  Assimilator  
  19  1:09  Gateway  
  20  1:12  Probe (Chrono Boost)  
  20  1:17  Probe (Chrono Boost)  
  20  1:25  Cybernetics Core  
  21  1:29  Probe  
  22  1:38  Pylon  
  22  1:41  Probe  
  23  1:56  Probe  
  23  2:01  Warp Gate (Chrono Boost), Stalker x2  
  28  2:14  Pylon  
  28  2:31  Robotics Facility  
  28  2:33  Stalker  
  28  2:34  Stalker  
  32  2:47  Gateway  
  32  3:03  Stalker  
  32  3:04  Stalker  
  36  3:17  Warp Prism (Chrono Boost)  
  38  3:29  Robotics Bay  
  38  3:33  Pylon  
  38  3:51  Immortal (Chrono Boost)  
  42  3:57  Sentry  
  44  4:04  Pylon  
  44  4:22  Stalker x2  
  47  4:33  Adept  
  48  4:49  Adept  
  48  4:50  Probe  
  51  5:09  Disruptor  
  55  5:23  Stalker  
  55  5:27  Probe (Chrono Boost)  
  49  5:39  Probe (Chrono Boost)  
  48  5:43  Adept x2  
  34  6:05  Probe  
  34  6:17  Probe (Chrono Boost)  
  35  6:29  Probe (Chrono Boost)  
  33  6:34  Probe (Chrono Boost)  
  33  6:39  Immortal  
  38  6:46  Probe  
  36  7:00  Probe  
  35  7:18  Adept x3  
  40  7:30  Probe  
  34  7:44  Sentry x2  
  34  7:49  Probe  
  39  8:01  Probe  
Show
View Real Time Build Order
Export as new Build Order

Astrea Protoss - Winner!

Build Orders: Phoenix Opening 

Get SALT Encoding   

  12  0:00  Probe  
  13  0:12  Probe  
  14  0:16  Pylon  
  14  0:25  Probe (Chrono Boost)  
  16  0:36  Gateway  
  16  0:37  Probe (Chrono Boost)  
  16  0:42  Probe (Chrono Boost)  
  16  0:45  Assimilator  
  17  0:51  Probe (Chrono Boost)  
  17  0:53  Assimilator  
  18  1:03  Probe (Chrono Boost)  
  19  1:06  Gateway  
  19  1:12  Probe (Chrono Boost)  
  19  1:18  Probe  
  20  1:24  Cybernetics Core  
  21  1:30  Probe  
  22  1:35  Pylon  
  22  1:42  Probe  
  23  1:54  Probe  
  23  2:00  Warp Gate  
  24  2:02  Stalker  
  24  2:03  Sentry  
  28  2:12  Pylon  
  28  2:23  Robotics Facility  
  28  2:26  Stalker  
  30  2:34  Phoenix  
  30  2:35  Stalker  
  31  2:43  Gateway  
  31  2:51  Probe  
  31  2:56  Stalker  
  35  3:08  Warp Prism (Chrono Boost)  
  36  3:20  Pylon  
  36  3:27  Probe  
  37  3:34  Pylon  
  37  3:46  Immortal  
  41  3:58  Pylon  
  41  4:00  Sentry  
  43  4:06  Adept  
  43  4:07  Adept  
  47  4:20  Pylon  
  47  4:35  Immortal (Chrono Boost)  
  46  5:04  Observer  
  46  5:06  Adept x2  
  48  5:07  Adept  
  51  5:17  Probe  
  47  5:32  Immortal (Chrono Boost)  
  51  5:39  Probe  
  50  5:44  Zealot  
  50  5:45  Adept x2  
  49  5:51  Probe  
  48  6:03  Probe  
  41  6:15  Probe  
  41  6:16  Adept  
  41  6:17  Adept  
  45  6:27  Probe  
  46  6:37  Stargate  
  46  6:39  Probe  
  45  6:51  Probe  
  42  7:03  Probe  
  43  7:17  Nexus  
  43  7:21  Phoenix (Chrono Boost)  
  45  7:27  Probe  
  46  7:38  Phoenix (Chrono Boost)  
  46  7:39  Probe  
  47  7:52  Probe  
  47  7:56  Pylon  
  48  7:59  Sentry x2  
  48  8:04  Probe  
Tags
 
Add a new tag
Caveats
  • Supply blocks, unpowered buildings, or Contaminate may cause inaccurate times.
  • Supply counts are checked every 10 seconds.